 Dungeon Crawl Stone Soup version 0.30-a0-782-ge64f9170bb (webtiles) character file.

Game seed: 12289459016766896967

102 Leeroy the Slasher (level 4, 0/33 HPs)
             Began as a Merfolk Gladiator on Feb 25, 2023.
             Succumbed to a scorpion's poison
             ... on level 4 of the Dungeon.
             The game lasted 00:02:27 (2103 turns).

Leeroy the Slasher (Merfolk Gladiator)              Turns: 2103, Time: 00:02:28

Health: 0/33       AC:  4    Str: 14    XL:     4   Next: 77%
Magic:  4/4        EV: 13    Int:  7    God:
Gold:   139        SH:  0    Dex: 17    Spells: 3/3 levels left

rFire   + . .      SeeInvis .    k - +0 short sword (venom)
rCold   + . .      Faith    .    (no shield)
rNeg    . . .      Spirit   .    b - +0 leather armour
rPois   +          Reflect  .    c - +0 helmet
rElec   +          Harm     .    (no cloak)
rCorr   +          Rampage  .    (no gloves)
Will    .....                    (no boots)
Stlth   +                        (no amulet)
HPRegen 0.25/turn                (no ring)
MPRegen 0.09/turn                (no ring)

@: lethally poisoned (0 -> -9), resistant, flying
A: (nimble swimmer 2), mertail
a: no special abilities


You were on level 4 of the Dungeon.
You visited 1 branch of the dungeon, and saw 4 of its levels.

You collected 139 gold pieces.

Inventory:

Hand Weapons
 a - a +0 long sword
 k - a +0 short sword of venom (weapon)
 n - a +2 dagger of speed
Missiles
 d - 3 throwing nets (quivered)
 e - a javelin
 j - 2 silver boomerangs
Armour
 b - a +0 leather armour (worn)
 c - a +0 helmet (worn)
Scrolls
 g - a scroll of teleportation
 l - a scroll of noise
 o - a scroll of amnesia
Potions
 i - a potion of curing {unknown}
 m - 3 potions of mutation
 p - a potion of magic {unknown}


   Skills:
 - Level 2.1 Fighting
 + Level 6.4 Long Blades
 - Level 2.0 Throwing
 - Level 4.0 Dodging


You had 3 spell levels left.
You didn't know any spells.
Your spell library contained the following spells:

 Spells                   Type           Power      Damage    Failure   Level
 Apportation              Tloc           0%         N/A       52%         1
 Necrotise                Necr           0%         1d4       52%         1
 Summon Small Mammal      Summ           0%         N/A       52%         1
 Call Canine Familiar     Summ           0%         N/A       87%         3
 Summon Guardian Golem    Hex/Summ       0%         N/A       87%         3
 Alistair's Intoxication  Tmut/Pois      0%         N/A       100%        5


Dungeon Overview and Level Annotations

Branches:
Dungeon (3/15)

Altars:

Shops:
D:2 [


Innate Abilities, Weirdness & Mutations

((You are very nimble when in or above water. (Stealth+, EV+, Speed+++)))
Your lower body shifts to a powerful aquatic tail in water.


Message History

No target in view!
No target in view!
No target in view!
h - a sedimented puce potion
p - a brown potion You hear the rusting of a drain very nearby.
A scorpion comes into view.
Found 4 stones.
Found a stone staircase leading down.
You see here a scroll labelled PIMPIM XUDWUI.
An adder comes into view.
The adder hisses angrily.
Found a dagger.
The scorpion stings you.
You are poisoned.
The scorpion poisons you! The scorpion stings you.
You barely miss the scorpion.
You feel very sick. The adder closely misses you.
The scorpion stings you but does no damage.
You hit the scorpion but do no damage.
The scorpion is poisoned.
You feel sick. The adder misses you. The scorpion misses you.
The scorpion attacks as you move away! The scorpion stings you.
You feel sick. The adder bites you. The scorpion attacks as you move away!
The scorpion stings you.
You are lethally poisoned!
The scorpion poisons you!
* * * LOW HITPOINT WARNING * * *
You feel very sick.
* * * LOW HITPOINT WARNING * * *
You feel very sick.
You see here the +0 helmet of Midnight {rPois rCorr Str-4}.
It was a potion of resistance.
You feel protected.
* * * LOW HITPOINT WARNING * * *
You feel very sick. The adder closely misses you.
The scorpion barely misses you.
It was a potion of flight.
You feel very buoyant.
You fly up into the air.
You die...

# #........#
#.##.#.#......#
#.#....#.#......
#...........#.##
###.##......#.#
##...###.##.#.#
#.....##.##.# #
#####.....##..
g. ##..@?.....#
..
#####..sS##....#
...
#.........#.##.#
#.8.....8...# .#
#..........## .#
#......(...#
#............
#...>......###
#..........#


You could see a scorpion (very poisoned) and an adder.

Vanquished Creatures
  2 adders (D:2)
  A worm (D:2)
  A dart slug (D:2)
  5 orcs
  5 endoplasms
  2 giant cockroaches
  7 hobgoblins
  10 quokkas
  13 ball pythons
  5 bats
  2 frilled lizards
  4 goblins
  6 kobolds
  6 rats
69 creatures vanquished.

Notes
Turn   | Place    | Note
-------+----------+-------------------------------------------
     0 | D:1      | Leeroy the Merfolk Gladiator began the quest for the Orb.
     0 | D:1      | Reached XP level 1. HP: 16/16 MP: 1/1
   173 | D:1      | Reached skill level 4 in Long Blades
   209 | D:1      | Reached XP level 2. HP: 14/22 MP: 2/2
   830 | D:2      | Reached XP level 3. HP: 16/27 MP: 3/3
   831 | D:2      | Reached skill level 5 in Long Blades
   831 | D:2      | Found Bexkarr's Armour Boutique.
  1290 | D:2      | Reached XP level 4. HP: 30/33 MP: 4/4
  1362 | D:2      | Reached skill level 6 in Long Blades
  1730 | D:2      | You fall into a shaft and drop 2 floors!
  2092 | D:4      | Noticed a scorpion
  2101 | D:4      | Identified the +0 helmet of Midnight {rPois rCorr Str-4}
  2103 | D:4      | Succumbed to a scorpion's poison

Illustrated notes

Levels and vault maps discovered:
D:1:      saegor_arrival_fortress, layout_loops_ring
D:2:      layout_rooms, serial_shops, shop, minmay_divided_ellipse
D:3:      layout_loops_cross, shapermc_ecumenical_altar_starsandcircs,
          st_stairs_1, kennysheep_generic_room_12
D:4:      layout_loops_cross, lemuel_doored_altar, portal_sewer_entry_d,
          st_stairs_1

Skill      XL: |  1  2  3  4 |
---------------+-------------+-----
Long Blades    | 4 5 6 |  6.4
Fighting       | |  2.1
Throwing       | |  2.0
Dodging        | |  4.0

Action                     |  1- 3 |  4- 6 || total
---------------------------+-------+-------++-------
  Melee: Long sword        |   126 |       ||   126
         Short sword       |    23 |    75 ||    98
         Punch             |       |     1 ||     1
    Use: Scroll            |       |     4 ||     4
         Potion            |       |     2 ||     2
   Stab: Sleeping          |     4 |       ||     4
 Armour: Leather armour    |    48 |    21 ||    69
  Dodge: Dodged            |   135 |    51 ||   186

Table legend: (Time is in decaauts)
 A = Elapsed time spent in this place.
 B = Non-inter-level travel time spent in this place.
 C = Inter-level travel time spent in this place.
 D = Time resting spent in this place.
 E = Time spent auto-exploring this place.
 F = Levels seen in this place.
 G = Mean time per level.
                   A        B        C        D        E       F      G
               +--------+--------+--------+--------+--------+-----+--------+
         Total |   2084 |   2057 |     27 |    125 |   1450 |   4 |  521.0 |
       Dungeon |   2084 |   2057 |     27 |    125 |   1450 |   4 |  521.0 |
               +--------+--------+--------+--------+--------+-----+--------+

Top non-repeatable levels by time:
     D:2: 913 daAuts
     D:1: 793 daAuts
     D:4: 365 daAuts
     D:3: 12 daAuts
